2824 views
Uploaded 2020-02-09 15:16:57
Game version 1.32 / 1.32.1
16:38 long 3on3 ladder game on (6)TimbermawHold
Saved by iggythefisk
2824 views
Uploaded 2020-02-09 15:16:57
Game version 1.32 / 1.32.1
16:38 long 3on3 ladder game on (6)TimbermawHold


69 units @ 6k
/ 0.3k
113 buildings @ 8.4k
/ 4.6k



| Lesser Clarity Potion | 1 | 70 |
| Staff of Sanctuary | 1 | 250 |
| Scroll of Regeneration | 1 | 100 |
| Orb of Fire | 1 | 325 |
| Boots of Speed | 2 | 500 |
| Staff of Teleportation | 2 | 300 |
| Healing Salve | 4 | 400 |
| Scroll of Speed | 1 | 50 |
| Orb of Lightning | 1 | 375 |
| total: | 14 | 2370g |
| Peasant | 21 | 1575 | / | 0 |
| Priest | 2 | 270 | / | 20 |
| total: | 23 | 1845g | / | 20w |
| Scout Tower | 31 | 930 | / | 620 |
| Arcane Tower | 3 | 210 | / | 150 |
| Guard Tower | 15 | 1050 | / | 750 |
| Altar of Kings | 1 | 180 | / | 50 |
| Farm | 3 | 240 | / | 60 |
| Lumber Mill | 1 | 120 | / | 0 |
| Town Hall | 1 | 385 | / | 205 |
| Arcane Vault | 3 | 390 | / | 90 |
| Arcane Sanctum | 1 | 150 | / | 140 |
| Keep | 1 | 320 | / | 210 |
| Castle | 1 | 360 | / | 210 |
| total: | 41 | 2395g | / | 1165w |
| 0:03 | Altar of Kings |
| 0:04 | Peasant |
| 0:04 | Peasant |
| 0:11 | Farm |
| 0:15 | Peasant |
| 0:24 | Peasant |
| 0:27 | Lumber Mill |
| 0:42 | Peasant |
| 1:04 | Farm |
| 1:08 | Peasant |
| 1:28 | Scout Tower |
| 1:31 | Peasant |
| 1:37 | Scout Tower |
| 1:43 | Peasant |
| 1:53 | Peasant |
| 1:57 | Blizzard |
| 1:58 | Healing Salve |
| 1:58 | Healing Salve |
| 1:58 | Scroll of Speed |
| 2:01 | Lesser Clarity Potion |
| 2:05 | Arcane Tower |
| 2:07 | Scout Tower |
| 2:08 | Peasant |
| 2:11 | Arcane Tower |
| 2:31 | Peasant |
| 2:31 | Peasant |
| 2:44 | Guard Tower |
| 2:45 | Scout Tower |
| 3:08 | Peasant |
| 3:08 | Peasant |
| 3:09 | Improved Masonry |
| 3:32 | Guard Tower |
| 3:36 | Scout Tower |
| 3:55 | Farm |
| 4:28 | Keep |
| 4:33 | Brilliance Aura |
| 4:46 | Town Hall |
| 4:49 | Scout Tower |
| 4:50 | Scout Tower |
| 4:50 | Scout Tower |
| 4:59 | Guard Tower |
| 5:57 | Arcane Tower |
| 5:57 | Peasant |
| 5:57 | Peasant |
| 6:43 | Guard Tower |
| 6:47 | Arcane Vault |
| 6:49 | Scout Tower |
| 6:49 | Scout Tower |
| 6:50 | Scout Tower |
| 6:55 | Advanced Masonry |
| 6:56 | Improved Lumber Harvesting |
| 6:58 | Peasant |
| 7:02 | Peasant |
| 7:02 | Peasant |
| 7:15 | Boots of Speed |
| 7:15 | Staff of Teleportation |
| 7:36 | Castle |
| 7:50 | Storm Bolt |
| 8:04 | Arcane Sanctum |
| 8:06 | Guard Tower |
| 8:08 | Scout Tower |
| 8:09 | Scout Tower |
| 8:18 | Scout Tower |
| 8:35 | Healing Salve |
| 8:42 | Scout Tower |
| 8:43 | Scout Tower |
| 8:43 | Scout Tower |
| 9:03 | Guard Tower |
| 9:20 | Guard Tower |
| 9:21 | Guard Tower |
| 9:36 | Magic Sentry |
| 9:37 | Priest |
| 9:51 | Bash |
| 9:52 | Blizzard |
| 10:15 | Boots of Speed |
| 10:15 | Staff of Teleportation |
| 10:30 | Guard Tower |
| 10:35 | Arcane Vault |
| 10:37 | Arcane Vault |
| 11:17 | Healing Salve |
| 11:17 | Orb of Lightning |
| 11:33 | Guard Tower |
| 11:36 | Scout Tower |
| 11:37 | Scout Tower |
| 11:38 | Scout Tower |
| 11:43 | Staff of Sanctuary |
| 11:52 | Imbued Masonry |
| 11:52 | Priest Adept Training |
| 12:10 | Guard Tower |
| 12:14 | Holy Light |
| 12:35 | Scout Tower |
| 12:36 | Scout Tower |
| 12:36 | Scout Tower |
| 12:38 | Scroll of Regeneration |
| 12:42 | Orb of Fire |
| 12:48 | Scout Tower |
| 12:49 | Scout Tower |
| 12:53 | Priest |
| 12:54 | Advanced Lumber Harvesting |
| 13:46 | Guard Tower |
| 13:48 | Scout Tower |
| 13:48 | Scout Tower |
| 13:49 | Peasant |
| 13:49 | Peasant |
| 14:08 | Storm Bolt |
| 14:10 | Brilliance Aura |
| 15:32 | Divine Shield |
| 15:48 | Guard Tower |
| 15:49 | Scout Tower |
| 15:50 | Guard Tower |
| 16:28 | Guard Tower |
| 16:30 | Scout Tower |
| 16:31 | Scout Tower |
| 16:32 | Scout Tower |
| Right click | 939 |
| Assign group | 571 |
| Select group | 414 |
| Select | 182 |
| Build/train/purchase | 92 |
| Use ability | 67 |
| Misc. action | 11 |
| Chat | 7 |
| Item give/drop | 2 |
| Minimap ping | 1 |


| Staff of Teleportation | 2 | 300 |
| Boots of Speed | 2 | 500 |
| Potion of Invisibility | 1 | 100 |
| Healing Salve | 1 | 100 |
| total: | 6 | 1000g |
| Peasant | 22 | 1650 | / | 0 |
| total: | 22 | 1650g | / | 0w |
| Scout Tower | 37 | 1110 | / | 740 |
| Arcane Tower | 1 | 70 | / | 50 |
| Guard Tower | 18 | 1260 | / | 900 |
| Altar of Kings | 1 | 180 | / | 50 |
| Farm | 3 | 240 | / | 60 |
| Lumber Mill | 1 | 120 | / | 0 |
| Town Hall | 1 | 385 | / | 205 |
| Keep | 1 | 320 | / | 210 |
| Castle | 1 | 360 | / | 210 |
| total: | 43 | 2035g | / | 1055w |
| 0:00 | Peasant |
| 0:03 | Altar of Kings |
| 0:04 | Peasant |
| 0:17 | Farm |
| 0:20 | Peasant |
| 0:32 | Peasant |
| 0:48 | Peasant |
| 0:48 | Farm |
| 1:03 | Lumber Mill |
| 1:05 | Peasant |
| 1:15 | Peasant |
| 1:30 | Scout Tower |
| 1:32 | Scout Tower |
| 1:34 | Peasant |
| 1:44 | Peasant |
| 2:01 | Arcane Tower |
| 2:04 | Scout Tower |
| 2:08 | Peasant |
| 2:19 | Blizzard |
| 2:21 | Scout Tower |
| 2:22 | Scout Tower |
| 2:22 | Scout Tower |
| 2:32 | Peasant |
| 2:33 | Peasant |
| 2:34 | Farm |
| 2:35 | Guard Tower |
| 2:36 | Guard Tower |
| 2:59 | Peasant |
| 3:16 | Guard Tower |
| 3:17 | Peasant |
| 3:34 | Peasant |
| 3:35 | Peasant |
| 3:51 | Guard Tower |
| 4:32 | Scout Tower |
| 4:33 | Scout Tower |
| 4:33 | Scout Tower |
| 4:34 | Scout Tower |
| 4:37 | Peasant |
| 4:40 | Improved Masonry |
| 4:41 | Brilliance Aura |
| 4:47 | Scout Tower |
| 4:48 | Scout Tower |
| 4:55 | Town Hall |
| 5:03 | Guard Tower |
| 5:04 | Guard Tower |
| 5:09 | Guard Tower |
| 5:16 | Guard Tower |
| 5:31 | Peasant |
| 5:36 | Guard Tower |
| 5:40 | Guard Tower |
| 5:51 | Peasant |
| 5:58 | Scout Tower |
| 5:58 | Scout Tower |
| 5:59 | Scout Tower |
| 6:48 | Staff of Teleportation |
| 6:50 | Boots of Speed |
| 6:58 | Guard Tower |
| 7:17 | Guard Tower |
| 7:18 | Peasant |
| 7:18 | Peasant |
| 7:21 | Peasant |
| 8:02 | Keep |
| 8:05 | Healing Salve |
| 8:17 | Scout Tower |
| 8:18 | Scout Tower |
| 8:18 | Scout Tower |
| 8:18 | Scout Tower |
| 8:19 | Scout Tower |
| 8:20 | Scout Tower |
| 8:21 | Scout Tower |
| 9:23 | Potion of Invisibility |
| 9:49 | Guard Tower |
| 10:10 | Scout Tower |
| 10:38 | Guard Tower |
| 10:55 | Scout Tower |
| 10:55 | Scout Tower |
| 11:21 | Scout Tower |
| 11:22 | Scout Tower |
| 11:33 | Scout Tower |
| 11:35 | Scout Tower |
| 11:37 | Guard Tower |
| 11:38 | Scout Tower |
| 11:39 | Scout Tower |
| 11:40 | Scout Tower |
| 11:51 | Advanced Masonry |
| 11:54 | Guard Tower |
| 11:56 | Scout Tower |
| 11:58 | Scout Tower |
| 11:59 | Guard Tower |
| 12:01 | Scout Tower |
| 12:30 | Blizzard |
| 12:41 | Storm Bolt |
| 13:13 | Castle |
| 13:15 | Staff of Teleportation |
| 13:15 | Boots of Speed |
| 13:27 | Guard Tower |
| 13:29 | Scout Tower |
| 13:30 | Scout Tower |
| 15:55 | Thunder Clap |
| 16:33 | Brilliance Aura |
| Right click | 1144 |
| Select | 379 |
| Build/train/purchase | 76 |
| Select group | 68 |
| Chat | 54 |
| Assign group | 34 |
| Use ability | 31 |
| Misc. action | 5 |
| Minimap ping | 4 |


| Lesser Clarity Potion | 2 | 140 |
| Healing Salve | 2 | 200 |
| Orb of Lightning | 1 | 375 |
| Boots of Speed | 2 | 500 |
| Staff of Teleportation | 1 | 150 |
| Staff of Sanctuary | 1 | 250 |
| total: | 9 | 1615g |
| Peon | 16 | 1200 | / | 0 |
| Troll Batrider | 8 | 1280 | / | 320 |
| total: | 24 | 2480g | / | 320w |
| Watch Tower | 18 | 1980 | / | 1440 |
| Altar of Storms | 1 | 180 | / | 50 |
| Orc Burrow | 3 | 480 | / | 120 |
| Voodoo Lounge | 1 | 130 | / | 30 |
| War Mill | 1 | 205 | / | 0 |
| Great Hall | 1 | 385 | / | 185 |
| Beastiary | 4 | 580 | / | 560 |
| Stronghold | 1 | 315 | / | 190 |
| Fortress | 1 | 325 | / | 190 |
| total: | 29 | 3940g | / | 2385w |
| 0:02 | Peon |
| 0:02 | Peon |
| 0:05 | Altar of Storms |
| 0:18 | Orc Burrow |
| 0:21 | Peon |
| 0:34 | Voodoo Lounge |
| 0:39 | Peon |
| 0:49 | Peon |
| 1:09 | War Mill |
| 1:16 | Peon |
| 1:23 | Peon |
| 1:38 | Peon |
| 1:50 | Orc Burrow |
| 2:09 | Wind Walk |
| 2:12 | Lesser Clarity Potion |
| 2:15 | Peon |
| 2:20 | Peon |
| 2:31 | Watch Tower |
| 2:55 | Peon |
| 2:55 | Peon |
| 2:58 | Watch Tower |
| 3:30 | Stronghold |
| 3:45 | Watch Tower |
| 4:16 | Boots of Speed |
| 4:16 | Staff of Teleportation |
| 4:24 | Watch Tower |
| 4:28 | Orc Burrow |
| 4:56 | Watch Tower |
| 5:05 | Watch Tower |
| 5:29 | Watch Tower |
| 5:43 | Critical Strike |
| 6:38 | Beastiary |
| 6:40 | Fortress |
| 6:41 | Beastiary |
| 6:53 | Healing Salve |
| 6:58 | Lesser Clarity Potion |
| 7:01 | Hex |
| 7:51 | Troll Batrider |
| 8:10 | Boots of Speed |
| 8:47 | Troll Batrider |
| 9:04 | Liquid Fire |
| 9:07 | Troll Batrider |
| 9:31 | Steel Ranged Weapons |
| 9:31 | Reinforced Defenses |
| 9:58 | Watch Tower |
| 9:59 | Watch Tower |
| 10:02 | Wind Walk |
| 10:06 | Troll Batrider |
| 10:18 | Healing Salve |
| 10:32 | Great Hall |
| 11:01 | Thorium Ranged Weapons |
| 11:06 | Healing Wave |
| 11:36 | Watch Tower |
| 11:38 | Watch Tower |
| 12:27 | Troll Batrider |
| 12:46 | Watch Tower |
| 12:49 | Watch Tower |
| 13:06 | Peon |
| 13:06 | Peon |
| 13:06 | Peon |
| 13:06 | Peon |
| 13:11 | Staff of Sanctuary |
| 13:32 | Orb of Lightning |
| 13:56 | Watch Tower |
| 14:27 | Watch Tower |
| 14:29 | Troll Batrider |
| 14:47 | Troll Batrider |
| 15:06 | Watch Tower |
| 15:08 | Troll Batrider |
| 15:09 | Beastiary |
| 15:11 | Beastiary |
| 15:34 | Watch Tower |
| 15:48 | Arcanite Ranged Weapons |
| 15:48 | Spiked Barricades |
| 15:52 | Healing Wave |
| 16:13 | Watch Tower |
| 16:25 | Critical Strike |
| Right click | 1151 |
| Select group | 382 |
| Select | 264 |
| Build/train/purchase | 72 |
| Misc. action | 44 |
| Use ability | 22 |
| Assign group | 11 |
| Item give/drop | 2 |
| Esc | 2 |
| Minimap ping | 1 |
92 units @ 11.2k
/ 0.5k
53 buildings @ 6.7k
/ 2.7k

| Peon | 4 | 300 | / | 0 |
| Grunt | 5 | 1000 | / | 0 |
| Troll Headhunter | 8 | 1120 | / | 160 |
| total: | 17 | 2420g | / | 160w |
| Watch Tower | 7 | 770 | / | 560 |
| Altar of Storms | 1 | 180 | / | 50 |
| Orc Burrow | 5 | 800 | / | 200 |
| Barracks | 1 | 180 | / | 50 |
| War Mill | 1 | 205 | / | 0 |
| Great Hall | 1 | 385 | / | 185 |
| Stronghold | 1 | 315 | / | 190 |
| Scout Tower | 1 | 30 | / | 20 |
| Town Hall | 1 | 385 | / | 205 |
| total: | 18 | 2935g | / | 1270w |
| 0:09 | Peon |
| 0:09 | Peon |
| 0:10 | Peon |
| 0:12 | Peon |
| 0:18 | Altar of Storms |
| 0:28 | Orc Burrow |
| 0:59 | Barracks |
| 1:45 | Orc Burrow |
| 2:14 | Orc Burrow |
| 2:17 | Grunt |
| 2:28 | Chain Lighting |
| 3:25 | Grunt |
| 3:25 | Grunt |
| 3:26 | Grunt |
| 3:52 | Orc Burrow |
| 4:13 | War Mill |
| 5:26 | Feral Spirit |
| 5:59 | Orc Burrow |
| 6:05 | Troll Headhunter |
| 6:05 | Troll Headhunter |
| 6:06 | Troll Headhunter |
| 6:06 | Troll Headhunter |
| 6:55 | Stronghold |
| 6:57 | Troll Headhunter |
| 6:58 | Troll Headhunter |
| 7:26 | Watch Tower |
| 7:31 | Watch Tower |
| 8:14 | Watch Tower |
| 8:19 | Watch Tower |
| 8:22 | Grunt |
| 10:01 | Watch Tower |
| 10:06 | Watch Tower |
| 10:11 | Troll Regeneration |
| 10:13 | Troll Headhunter |
| 10:14 | Troll Headhunter |
| 10:46 | Steel Melee Weapons |
| 12:13 | Watch Tower |
| 12:48 | Town Hall |
| 13:17 | Scout Tower |
| 13:51 | Great Hall |
| Right click | 632 |
| Select | 137 |
| Build/train/purchase | 26 |
| Use ability | 8 |
| Esc | 1 |

| Scroll of Regeneration | 2 | 200 |
| total: | 2 | 200g |
| Peasant | 32 | 2400 | / | 0 |
| Footman | 9 | 1215 | / | 0 |
| Rifleman | 1 | 205 | / | 30 |
| total: | 42 | 3820g | / | 30w |
| Scout Tower | 12 | 360 | / | 240 |
| Arcane Tower | 10 | 700 | / | 500 |
| Guard Tower | 9 | 630 | / | 450 |
| Barracks | 1 | 160 | / | 60 |
| Altar of Kings | 1 | 180 | / | 50 |
| Farm | 3 | 240 | / | 60 |
| Lumber Mill | 1 | 120 | / | 0 |
| Town Hall | 1 | 385 | / | 205 |
| Arcane Vault | 1 | 130 | / | 30 |
| Blacksmith | 1 | 140 | / | 60 |
| Keep | 1 | 320 | / | 210 |
| total: | 21 | 1715g | / | 705w |
| 0:03 | Peasant |
| 0:03 | Peasant |
| 0:14 | Barracks |
| 0:18 | Altar of Kings |
| 0:23 | Farm |
| 0:27 | Peasant |
| 0:48 | Peasant |
| 0:59 | Farm |
| 1:08 | Peasant |
| 1:18 | Footman |
| 1:23 | Peasant |
| 1:35 | Farm |
| 1:39 | Footman |
| 1:46 | Peasant |
| 1:46 | Peasant |
| 2:01 | Footman |
| 2:07 | Peasant |
| 2:07 | Peasant |
| 2:16 | Scout Tower |
| 2:20 | Summon Water Elemental |
| 2:23 | Footman |
| 2:23 | Footman |
| 2:31 | Peasant |
| 2:31 | Peasant |
| 2:47 | Arcane Tower |
| 2:52 | Peasant |
| 3:30 | Peasant |
| 3:46 | Scout Tower |
| 3:54 | Peasant |
| 3:56 | Footman |
| 4:08 | Arcane Tower |
| 4:20 | Lumber Mill |
| 4:38 | Blizzard |
| 4:49 | Scout Tower |
| 4:50 | Scout Tower |
| 4:51 | Scout Tower |
| 4:53 | Scout Tower |
| 5:11 | Town Hall |
| 5:12 | Arcane Tower |
| 5:19 | Guard Tower |
| 6:00 | Guard Tower |
| 6:46 | Peasant |
| 6:47 | Peasant |
| 6:47 | Peasant |
| 6:57 | Scout Tower |
| 7:04 | Peasant |
| 7:09 | Footman |
| 7:09 | Footman |
| 7:19 | Scout Tower |
| 7:20 | Peasant |
| 7:20 | Peasant |
| 7:26 | Guard Tower |
| 7:29 | Scout Tower |
| 7:56 | Footman |
| 7:58 | Guard Tower |
| 8:00 | Guard Tower |
| 8:06 | Peasant |
| 8:06 | Peasant |
| 8:08 | Scout Tower |
| 8:12 | Peasant |
| 8:12 | Peasant |
| 8:27 | Peasant |
| 8:49 | Arcane Tower |
| 8:50 | Peasant |
| 8:50 | Peasant |
| 9:16 | Arcane Vault |
| 9:54 | Keep |
| 10:04 | Defend |
| 10:06 | Blacksmith |
| 10:09 | Scroll of Regeneration |
| 10:11 | Scroll of Regeneration |
| 10:18 | Scout Tower |
| 10:29 | Scout Tower |
| 10:50 | Arcane Tower |
| 11:24 | Peasant |
| 11:24 | Peasant |
| 11:24 | Peasant |
| 11:24 | Peasant |
| 11:34 | Rifleman |
| Right click | 539 |
| Select | 259 |
| Build/train/purchase | 119 |
| Select group | 104 |
| Assign group | 13 |
| Resource trade | 11 |
| Minimap ping | 8 |
| Use ability | 5 |

| Peon | 7 | 525 | / | 0 |
| Grunt | 13 | 2600 | / | 0 |
| Troll Headhunter | 4 | 560 | / | 80 |
| Troll Berserker | 9 | 1260 | / | 180 |
| total: | 33 | 4945g | / | 260w |
| Watch Tower | 5 | 550 | / | 400 |
| Orc Burrow | 5 | 800 | / | 200 |
| Barracks | 2 | 360 | / | 100 |
| Altar of Storms | 1 | 180 | / | 50 |
| War Mill | 1 | 205 | / | 0 |
| Stronghold | 1 | 315 | / | 190 |
| Fortress | 1 | 325 | / | 190 |
| total: | 14 | 2095g | / | 750w |
| 0:04 | Peon |
| 0:04 | Peon |
| 0:05 | Peon |
| 0:22 | Orc Burrow |
| 0:23 | Peon |
| 0:37 | Barracks |
| 0:45 | Peon |
| 0:52 | Altar of Storms |
| 0:55 | Peon |
| 1:17 | Peon |
| 1:36 | Orc Burrow |
| 1:39 | Grunt |
| 2:07 | War Mill |
| 2:27 | Orc Burrow |
| 2:34 | Grunt |
| 3:00 | Grunt |
| 3:07 | Feral Spirit |
| 3:36 | Troll Headhunter |
| 3:38 | Steel Melee Weapons |
| 3:58 | Stronghold |
| 4:11 | Troll Headhunter |
| 4:26 | Steel Armor |
| 5:21 | Steel Ranged Weapons |
| 5:27 | Orc Burrow |
| 5:33 | Orc Burrow |
| 6:49 | Fortress |
| 6:51 | Thorium Melee Weapons |
| 6:51 | Thorium Armor |
| 6:55 | Barracks |
| 6:58 | Troll Headhunter |
| 7:26 | Berserker Strength |
| 7:28 | Grunt |
| 8:15 | Thorium Ranged Weapons |
| 8:21 | Troll Headhunter |
| 9:18 | Grunt |
| 9:22 | Berserker Upgrade |
| 9:27 | Grunt |
| 9:27 | Grunt |
| 9:27 | Grunt |
| 9:43 | Chain Lighting |
| 10:11 | Grunt |
| 10:15 | Troll Regeneration |
| 10:17 | Grunt |
| 10:26 | Watch Tower |
| 10:32 | Watch Tower |
| 12:37 | Grunt |
| 12:39 | Grunt |
| 12:39 | Grunt |
| 12:40 | Arcanite Melee Weapons |
| 12:43 | Troll Berserker |
| 12:43 | Troll Berserker |
| 12:44 | Troll Berserker |
| 12:51 | Watch Tower |
| 12:58 | Watch Tower |
| 13:28 | Spiked Barricades |
| 13:49 | Troll Berserker |
| 13:50 | Troll Berserker |
| 15:39 | Troll Berserker |
| 15:39 | Troll Berserker |
| 15:40 | Troll Berserker |
| 15:41 | Troll Berserker |
| 15:42 | Arcanite Ranged Weapons |
| 15:49 | Watch Tower |
| Select | 162 |
| Right click | 125 |
| Build/train/purchase | 53 |
| Misc. action | 6 |
| Use ability | 5 |
| Minimap ping | 1 |